 Dungeon Crawl Stone Soup version 0.30-b1-2-g02819fbbbe (webtiles) character file.

Game seed: 10995194972586305756

1026 hadoken the Grasshopper (level 8, -5/96 HPs)
             Began as a Gnoll Warper on May 19, 2023.
             Was an Initiate of Cheibriados.
             Killed by an exploding gnoll bouda (7 damage)
             ... ignited by their inner flame
             ... on level 5 of the Dungeon.
             The game lasted 00:09:44 (5902 turns).

hadoken the Grasshopper (Gnoll Warper)              Turns: 5902, Time: 00:09:44

Health: -5/96      AC: 24    Str: 15    XL:     8   Next: 23%
Magic:  1/17       EV:  2    Int: 14    God:    Cheibriados [......]
Gold:   206        SH:  0    Dex: 13    Spells: 10/19 levels left

rFire   + + .        p - +4 mace of Dullness {freeze, rPois rF++ Str+2}
rCold   . . .        (no shield)
rNeg    . . .        b - melded +0 leather armour
rPois   +            (helmet currently unavailable)
rElec   .            (cloak currently unavailable)
rCorr   .            (gloves currently unavailable)
SInv    .            (boots currently unavailable)
Will    +....        (no amulet)
Stlth   ++           (no ring)
HPRegen 0.36/turn    (no ring)
MPRegen 0.15/turn

%: clarity
@: tree-form, very slightly contaminated, studying Throwing, very slow
A: stationary, stasis, torment immunity, boosted hp, (fangs 1), strong nose,
distributed training, clarity, strong-willed 1
a: Renounce Religion


You were on level 5 of the Dungeon.
You worshipped Cheibriados.
Cheibriados was noncommittal.
You were a tree.
You visited 1 branch of the dungeon, and saw 5 of its levels.

You collected 206 gold pieces.

Inventory:

Hand Weapons
 a - a +0 spear
 p - the +4 mace of Dullness (weapon) {freeze, rPois rF++ Str+2}
   (You found it on level 4 of the Dungeon)

   Str:       It affects your strength (+2).
   rF:        It greatly protects you from fire.
   rPois:     It protects you from poison.
Missiles
 d - 2 boomerangs of dispersal (quivered)
 k - 11 datura-tipped darts
 m - 9 boomerangs
 s - a throwing net
Armour
 b - a +0 leather armour (melded)
Jewellery
 h - a ring of poison resistance
Scrolls
 c - 3 scrolls of blinking
 e - 2 scrolls of teleportation
 f - a scroll of immolation
 g - 7 scrolls of identify
 q - a scroll of fog


   Skills:
 + Level 5.6 Fighting
 + Level 3.2 Short Blades
 + Level 3.2 Long Blades
 + Level 3.2 Axes
 + Level 3.2 Maces & Flails
 + Level 5.6 Polearms
 + Level 3.2 Staves
 + Level 3.2 Ranged Weapons
 + Level 4.6 Throwing
 + Level 4.1 Armour
 + Level 5.6 Dodging
 + Level 3.2 Stealth
 + Level 3.2 Shields
 + Level 3.2 Unarmed Combat
 + Level 6.0 Spellcasting
 + Level 2.6 Conjurations
 + Level 2.6 Hexes
 + Level 2.6 Summonings
 + Level 2.6 Necromancy
 + Level 6.1 Translocations
 + Level 2.6 Transmutations
 + Level 2.6 Fire Magic
 + Level 2.6 Ice Magic
 + Level 2.6 Air Magic
 + Level 2.6 Earth Magic
 + Level 2.6 Poison Magic
 + Level 3.5 Invocations
 + Level 3.2 Evocations


You had 10 spell levels left.
You knew the following spells:

 Your Spells              Type           Power      Damage    Failure   Level
a - Blink                 Tloc           42%        N/A       1%          2
b - Vhi's Electric Charg  Tloc/Air       32%        N/A       8%          3
c - Manifold Assault      Tloc           21%        N/A       13%         4

Your spell library contained the following spells:

 Spells                   Type           Power      Damage    Failure   Level
 Lesser Beckoning         Tloc           42%        N/A       1%          2
 Teleport Other           Tloc           21%        N/A       3%          3


Dungeon Overview and Level Annotations

Branches:
Dungeon (5/15)
 Temple: D:4-7

Altars:
Ashenzari
Cheibriados
Dithmenos
Makhleb


Innate Abilities, Weirdness & Mutations

You are a tree.
Your roots penetrate the ground, keeping you stationary.
You cannot be teleported.
You are immune to unholy pain and torment.
Your maximum health is greatly increased.
Your equipment is partially melded.
((You have very sharp teeth.))
Your uncanny sense of smell can sniff out nearby items.
Your experience applies equally to all skills.
You possess an exceptional clarity of mind.
You are strong-willed. (Will+)


Message History

Really abort (and waste the scroll)?
Okay, then.
Your attacks no longer feel as feeble.
The gnoll hits you from afar with a +0 spear.
* * * LOW HITPOINT WARNING * * *
The gnoll bouda hits you but does no damage.
The gnoll barely misses you.
Okay, then.
You aren't carrying any potions.
You barely miss the gnoll bouda.
The gnoll bouda is lightly wounded.
You are no longer locked in place.
The gnoll hits you but does no damage.
The gnoll bouda hits you but does no damage.
The gnoll hits you but does no damage.
You barely miss the gnoll bouda.
The gnoll bouda is lightly wounded.
The gnoll hits you from afar with a +0 spear.
* * * LOW HITPOINT WARNING * * *
The gnoll bouda hits you but does no damage.
The gnoll hits you but does no damage.
You barely miss the gnoll bouda.
Flame seeps out of the gnoll bouda.
You punch the gnoll bouda.
The gnoll bouda is moderately wounded.
The gnoll hits you but does no damage.
The gnoll bouda is engulfed in blazing flames.
Flame seeps out of the gnoll bouda.
The gnoll bouda utters an invocation to its god.
The gnoll bouda is healed somewhat.
The gnoll barely misses you. The gnoll hits you but does no damage.
Unknown command.
You closely miss the gnoll bouda.
The gnoll bouda is severely wounded.
The gnoll bouda is engulfed in blazing flames.
Cheibriados appreciates the change of pace.
The gnoll bouda explodes!
The fiery explosion engulfs the gnoll!!!
Cheibriados thoroughly appreciates the change of pace.
The fiery explosion engulfs you! You resist.
You die...

##....# #.....# .
#....# .. ##...#
...##....# .........#
.......§g## #
##....§°§####.#
#...#♣§§.#...#
#..###.....# ##### #..
##).### ##...# #. ##†##
##....# #.. #..#
#.....# ##...##..#
###.....##
.........###........##
......#..............#
##.#####..........#..##


You could see a gnoll (inner flame, swift).

Vanquished Creatures
  Sigmund (D:3)
  An ogre (D:5)
  A phantom (D:5)
  2 scorpions (D:5)
  An orc priest (D:4)
  3 hounds (D:5)
  An iron imp (D:5)
  A gnoll bouda (D:5)
  2 iguanas
  Jessica (D:3)
  3 orc wizards
  8 adders
  7 gnolls
  2 ufetubi (D:5)
  2 worms
  5 dart slugs
  18 orcs
  7 endoplasms
  A giant cockroach (D:1)
  11 goblins
  8 hobgoblins
  2 quokkas
  6 ball pythons
  8 bats
  4 frilled lizards
  10 kobolds
  8 rats
124 creatures vanquished.

Notes
Turn   | Place    | Note
-------+----------+-------------------------------------------
     0 | D:1      | hadoken the Gnoll Warper began the quest for the Orb.
     0 | D:1      | Reached XP level 1. HP: 20/20 MP: 6/6
   156 | D:1      | Reached XP level 2. HP: 24/26 MP: 7/7
   212 | D:1      | Learned a level 2 spell: Blink
   502 | D:1      | Reached skill level 5 in Spellcasting
   502 | D:1      | Reached XP level 3. HP: 27/31 MP: 7/9
   506 | D:1      | Learned a level 3 spell: Vhi's Electric Charge
   902 | D:1      | Reached skill level 1 in Invocations
  1500 | D:2      | Reached skill level 1 in Short Blades
  1500 | D:2      | Reached skill level 1 in Long Blades
  1500 | D:2      | Reached skill level 1 in Axes
  1500 | D:2      | Reached skill level 1 in Maces & Flails
  1500 | D:2      | Reached skill level 1 in Staves
  1500 | D:2      | Reached skill level 1 in Ranged Weapons
  1500 | D:2      | Reached skill level 1 in Stealth
  1500 | D:2      | Reached skill level 1 in Shields
  1500 | D:2      | Reached skill level 1 in Unarmed Combat
  1500 | D:2      | Reached skill level 1 in Evocations
  1786 | D:2      | Found a faded altar of an unknown god.
  1838 | D:2      | Reached XP level 4. HP: 12/38 MP: 11/11
  2364 | D:3      | Reached skill level 1 in Conjurations
  2364 | D:3      | Reached skill level 1 in Hexes
  2364 | D:3      | Reached skill level 1 in Summonings
  2364 | D:3      | Reached skill level 1 in Necromancy
  2364 | D:3      | Reached skill level 1 in Transmutations
  2364 | D:3      | Reached skill level 1 in Fire Magic
  2364 | D:3      | Reached skill level 1 in Ice Magic
  2364 | D:3      | Reached skill level 1 in Air Magic
  2364 | D:3      | Reached skill level 1 in Earth Magic
  2364 | D:3      | Reached skill level 1 in Poison Magic
  2596 | D:3      | Noticed Jessica
  2609 | D:3      | Killed Jessica
  2610 | D:3      | Reached XP level 5. HP: 25/43 MP: 9/12
  2892 | D:3      | Noticed Sigmund
  2914 | D:3      | Killed Sigmund
  2915 | D:3      | Reached skill level 5 in Fighting
  2915 | D:3      | Reached skill level 5 in Polearms
  2915 | D:3      | Reached skill level 5 in Dodging
  2915 | D:3      | Reached XP level 6. HP: 51/51 MP: 12/14
  3026 | D:3      | Learned a level 4 spell: Manifold Assault
  3643 | D:4      | Found a shadowy altar of Dithmenos.
  3674 | D:4      | Identified the +4 mace of Dullness {freeze, rPois rF++
                  | Str+2}
  3976 | D:4      | Reached XP level 7. HP: 44/56 MP: 6/15
  4121 | D:4      | You fall into a shaft and drop 1 floor!
  4121 | D:5      | Entered Level 5 of the Dungeon
  4177 | D:5      | Found a burning altar of Makhleb.
  5125 | D:5      | Found a snail-covered altar of Cheibriados.
  5144 | D:5      | Became a worshipper of Cheibriados the Contemplative
  5302 | D:5      | Gained mutation: You are strong-willed. (Will+) [potion of
                  | mutation]
  5302 | D:5      | Gained mutation: You possess an exceptional clarity of
                  | mind. [potion of mutation]
  5325 | D:5      | Found a broken altar of Ashenzari.
  5406 | D:5      | Reached XP level 8. HP: 16/63 MP: 16/16
  5896 | D:5      | HP: 2/96 [gnoll bouda/+0 whip of distortion (6)]
  5902 | D:5      | Killed by an exploding gnoll bouda... ignited by their
                  | inner flame

Illustrated notes

Levels and vault maps discovered:
D:1:      dpeg_arrival_prison, layout_loops_corners, minmay_three_crescents
D:2:      layout_basic, shapermc_ecumenical_altar_mp_vishouse, corexii_shack
D:3:      layout_basic, chequers_avenue, uniq_jessica, uniq_sigmund
D:4:      layout_basic, nicolae_dithmenos_shadow_blocks
D:5:      layout_layer_cave, slow_altar_1, lemuel_tele_altar,
          nicolae_ashenzari_panopticon, minmay_manual_mail,
          uniq_crazy_yiuf_cottage

Skill      XL: |  1  2  3  4  5  6  7  8 |
---------------+-------------------------+-----
Spellcasting   | 5 6 |  6.0
Invocations    | 1 2 3 |  3.5
Short Blades   | 1 2 3 |  3.2
Long Blades    | 1 2 3 |  3.2
Axes           | 1 2 3 |  3.2
Maces & Flails | 1 2 3 |  3.2
Staves         | 1 2 3 |  3.2
Ranged Weapons | 1 2 3 |  3.2
Stealth        | 1 2 3 |  3.2
Shields        | 1 2 3 |  3.2
Unarmed Combat | 1 2 3 |  3.2
Evocations     | 1 2 3 |  3.2
Conjurations   | 1 2 |  2.6
Hexes          | 1 2 |  2.6
Summonings     | 1 2 |  2.6
Necromancy     | 1 2 |  2.6
Transmutations | 1 2 |  2.6
Fire Magic     | 1 2 |  2.6
Ice Magic      | 1 2 |  2.6
Air Magic      | 1 2 |  2.6
Earth Magic    | 1 2 |  2.6
Poison Magic   | 1 2 |  2.6
Throwing       | 3 4 |  4.6
Armour         | 3 4 |  4.1
Fighting       | 5 |  5.6
Polearms       | 5 |  5.6
Dodging        | 5 |  5.6
Translocations | 6 |  6.1

Action                     |  1- 3 |  4- 6 |  7- 9 || total
---------------------------+-------+-------+-------++-------
  Melee: Spear             |   143 |   248 |       ||   391
         Bite              |    16 |    20 |    11 ||    47
         Punch             |     1 |     6 |     5 ||    12
         Mace              |       |    30 |   129 ||   159
  Throw: Boomerang         |       |     3 |     6 ||     9
   Cast: Vhi's Electric Ch |     5 |     8 |     3 ||    16
         Manifold Assault  |       |     4 |     5 ||     9
         Blink             |       |     4 |     1 ||     5
  Evoke: Wand              |       |       |     3 ||     3
    Use: Potion            |       |     3 |     7 ||    10
         Scroll            |       |       |     8 ||     8
   Stab: Sleeping          |     1 |     2 |     1 ||     4
 Armour: Leather armour    |    21 |    32 |    20 ||    73
         Skin              |       |       |    84 ||    84
  Dodge: Dodged            |    59 |   163 |   102 ||   324
